Map: [ESL] Tropical Sacrifice

Players

Cham - Winner!

  • Race: Zerg Zerg
  • Spawn Location: 1:00

Creator

  • Race: Protoss Protoss
  • Spawn Location: 7:00

Event: DreamHack SC2 Masters 2022 Atlanta (Offline)

VOD

Have the link to the VOD?

Description

Time

  • Played on: Nov. 18, 2022, 5:36 p.m.
  • Length: 11:30

All games in this series

Show
View Real Time Build Order
Export as new Build Order

Cham Zerg - Winner!

Build Orders: Hatch First 

Get SALT Encoding   

  12  0:00  Drone  
  13  0:12  Overlord  
  13  0:17  Drone  
  14  0:30  Drone  
  14  0:31  Drone  
  16  0:50  Hatchery  
  16  0:52  Drone  
  16  0:56  Drone  
  17  0:59  Drone  
  18  1:12  Spawning Pool  
  18  1:14  Extractor  
  18  1:17  Drone  
  17  1:21  Drone  
  18  1:28  Drone  
  19  1:39  Drone  
  20  1:51  Drone  
  21  2:01  Queen  
  21  2:02  Queen  
  21  2:04  Overlord  
  21  2:05  Drone  
  26  2:12  Drone  
  26  2:13  Drone  
  28  2:18  Metabolic Boost  
  28  2:23  Zergling x2  
  29  2:30  Zergling x2  
  29  2:35  Drone x2  
  32  2:41  Queen  
  34  2:53  Hatchery  
  34  2:56  Queen  
  35  3:00  Overlord  
  35  3:03  Drone  
  36  3:06  Overlord  
  36  3:17  Overlord  
  37  3:20  Drone x4  
  37  3:22  Drone  
  37  3:24  Drone  
  37  3:25  Drone  
  43  3:28  Drone  
  43  3:33  Drone  
  45  3:36  Drone  
  45  3:39  Queen  
  48  3:44  Spore Crawler x2  
  48  3:47  Overlord  
  46  3:48  Drone  
  46  3:51  Drone  
  46  3:54  Drone  
  46  3:55  Drone  
  50  3:59  Overlord  
  50  4:00  Drone  
  50  4:01  Drone  
  52  4:07  Drone  
  52  4:08  Drone x2  
  55  4:11  Baneling Nest  
  55  4:13  Overlord  
  54  4:17  Zergling x2  
  54  4:18  Zergling x2  
  54  4:23  Overlord  
  56  4:25  Zergling x2, Extractor  
  56  4:26  Zergling x6  
  59  4:32  Zergling x8  
  59  4:36  Overlord  
  63  4:41  Zergling x8  
  63  4:42  Zergling x2  
  68  4:51  Zergling x4  
  70  4:54  Overlord  
  70  4:57  Zergling x2  
  70  4:58  Zergling x8  
  74  5:05  Zergling x2  
  74  5:06  Zergling x12  
  78  5:13  Baneling x10  
  78  5:14  Zergling x2  
  78  5:16  Zergling x2  
  78  5:18  Zergling x2  
  81  5:21  Zergling x2  
  81  5:30  Zergling x10  
  81  5:32  Zergling x2  
  86  5:41  Zergling x2  
  86  5:42  Zergling x6  
  81  5:44  Zergling x2, Baneling  
  81  5:45  Baneling  
  81  5:46  Zergling x2  
  76  5:51  Zergling x2  
  76  5:52  Baneling x2  
  76  5:53  Zergling x4  
  76  5:55  Zergling x4  
  77  5:59  Zergling x8  
  77  6:01  Zergling x2  
  77  6:03  Zergling x4  
  82  6:04  Zergling x2  
  82  6:07  Lair  
  80  6:16  Zergling x2  
  80  6:17  Zergling x6  
  82  6:20  Baneling x4  
  82  6:21  Drone  
  82  6:23  Drone  
  84  6:27  Drone  
  84  6:32  Drone x2  
  86  6:36  Drone x4  
  86  6:37  Drone x2  
  86  6:38  Drone  
  89  6:42  Extractor  
  89  6:43  Drone x2  
  89  6:44  Roach Warren  
  86  6:47  Drone  
  86  6:50  Drone  
  84  6:56  Zergling x2  
  84  6:59  Zergling x6  
  84  7:01  Drone x2  
  86  7:02  Drone x4  
  86  7:03  Drone  
  86  7:08  Drone x2  
  82  7:16  Extractor  
  82  7:17  Extractor  
  82  7:18  Drone, Hatchery  
  82  7:19  Drone x2  
  82  7:23  Overlord  
  82  7:24  Roach  
  82  7:25  Roach  
  88  7:30  Roach  
  88  7:31  Overlord  
  88  7:33  Glial Reconstitution, Roach  
  90  7:39  Evolution Chamber  
  90  7:40  Roach x2  
  90  7:41  Roach  
  95  7:46  Overlord  
  95  7:48  Queen  
  95  7:50  Roach x3  
  103  7:53  Roach x4  
  103  7:58  Roach x3  
  117  8:05  Drone x4  
  117  8:11  Zerg Missile Weapons Level 1  
  116  8:13  Drone x3  
  118  8:21  Zergling x2  
  118  8:22  Zergling x12  
  118  8:26  Roach x2  
  129  8:28  Zergling x2  
  129  8:29  Overlord  
  129  8:30  Overlord  
  129  8:35  Zergling x2  
  129  8:38  Roach  
  132  8:41  Roach  
  132  8:46  Roach x3  
  132  8:49  Roach x2  
  132  8:50  Roach x2  
  132  8:54  Roach  
  132  8:55  Roach x3  
  141  8:57  Tunneling Claws  
  141  8:58  Burrow  
  133  9:03  Drone x2  
  133  9:04  Roach x3  
  133  9:05  Roach  
  135  9:10  Roach x2  
  135  9:11  Roach  
  135  9:13  Roach  
  133  9:18  Roach x3  
  137  9:28  Overlord  
  137  9:30  Zergling x18  
  146  9:35  Roach  
  146  9:36  Roach x2  
  152  9:43  Overlord x2  
  143  9:54  Roach x8  
  143  9:58  Roach  
  159  10:01  Overlord  
  159  10:02  Roach x7, Overlord  
  159  10:04  Overlord  
  159  10:05  Zergling x2, Overlord  
  159  10:06  Zergling x6  
  162  10:11  Zergling x2  
  162  10:12  Zergling x10  
  166  10:16  Zergling x2, Roach x2  
  165  10:23  Roach x10  
  165  10:24  Zergling x2, Roach x4  
  165  10:25  Zergling x2  
  165  10:27  Zergling x4  
  165  10:28  Roach x10  
  170  10:31  Roach x8  
  170  10:35  Roach x5  
  174  10:36  Zergling x4  
  172  10:45  Zergling x12  
  171  10:58  Roach x4  
  164  11:09  Roach  
  164  11:10  Roach x6  
  168  11:23  Hatchery  
Show
View Real Time Build Order
Export as new Build Order

Creator Protoss 

Build Orders: 1 Gate Expand, Oracle Opening 

Get SALT Encoding   

  12  0:00  Probe  
  13  0:14  Pylon  
  13  0:18  Probe (Chrono Boost)  
  14  0:27  Probe (Chrono Boost)  
  15  0:32  Probe (Chrono Boost)  
  16  0:40  Gateway  
  16  0:44  Probe  
  17  0:50  Assimilator  
  17  0:56  Probe  
  18  1:08  Probe  
  19  1:20  Probe  
  20  1:29  Nexus  
  20  1:39  Cybernetics Core  
  20  1:41  Probe  
  20  1:46  Assimilator  
  21  1:53  Probe  
  22  1:56  Pylon  
  22  2:05  Probe  
  23  2:13  Adept (Chrono Boost)  
  25  2:18  Probe  
  25  2:21  Stargate  
  26  2:26  Pylon  
  26  2:30  Warp Gate  
  26  2:32  Probe  
  27  2:39  Adept  
  27  2:44  Probe x2 (Chrono Boost)  
  31  2:53  Probe (Chrono Boost)  
  31  2:54  Probe (Chrono Boost)  
  31  2:56  Gateway  
  33  2:58  Probe (Chrono Boost)  
  33  3:00  Probe  
  35  3:07  Oracle (Chrono Boost)  
  38  3:16  Stalker  
  38  3:19  Probe x2  
  42  3:26  Pylon  
  42  3:31  Probe  
  42  3:32  Probe  
  47  3:50  Probe x2  
  47  3:52  Nexus  
  47  3:55  Pylon  
  46  3:57  Oracle (Chrono Boost)  
  49  4:05  Probe x2  
  49  4:09  Pylon  
  51  4:16  Assimilator  
  51  4:17  Probe x2  
  52  4:18  Assimilator  
  53  4:27  Oracle  
  53  4:29  Probe x2  
  58  4:31  Twilight Council  
  58  4:33  Forge  
  58  4:41  Probe (Chrono Boost)  
  60  4:45  Probe (Chrono Boost)  
  60  4:49  Adept, Pylon  
  60  4:52  Probe (Chrono Boost)  
  63  4:56  Probe (Chrono Boost)  
  63  4:57  Probe (Chrono Boost)  
  65  5:05  Adept, Probe  
  65  5:06  Probe  
  65  5:07  Probe  
  65  5:10  Adept  
  68  5:14  Protoss Ground Weapons Level 1  
  68  5:15  Blink  
  68  5:17  Probe  
  68  5:18  Probe  
  68  5:19  Probe  
  71  5:30  Robotics Facility, Probe, Gateway  
  71  5:31  Sentry  
  74  5:35  Sentry  
  74  5:37  Shield Battery  
  74  5:43  Pylon  
  74  5:45  Pylon x2  
  74  5:48  Pylon  
  70  5:50  Gateway  
  70  5:52  Oracle (Chrono Boost)  
  70  5:54  Pylon  
  71  5:58  Stalker  
  71  6:03  Shield Battery  
  62  6:11  Gateway  
  50  6:22  Stalker  
  51  6:35  Sentry  
  51  6:36  Probe  
  51  6:38  Probe  
  55  6:45  Adept  
  55  6:46  Zealot  
  59  6:50  Shield Battery  
  59  6:51  Probe x2  
  61  6:59  Zealot  
  61  7:03  Probe x2  
  61  7:04  Gateway  
  60  7:11  Adept  
  59  7:18  Gateway  
  59  7:28  Stalker  
  59  7:29  Probe x2  
  63  7:41  Stalker  
  63  7:43  Probe x2  
  67  7:53  Stalker  
  67  7:57  Probe x2  
  68  8:08  Nexus  
  68  8:10  Stalker x2  
  68  8:11  Probe x2 (Chrono Boost)  
  74  8:14  Observer, Pylon  
  74  8:19  Stalker  
  77  8:23  Probe x2 (Chrono Boost)  
  79  8:28  Gateway  
  79  8:32  Probe x2 (Chrono Boost)  
  81  8:34  Stalker x2  
  81  8:37  Probe x2  
  87  8:45  Stalker  
  89  8:56  Warp Prism  
  89  9:00  Gateway  
  89  9:01  Gateway  
  89  9:02  Gateway, Stalker  
  91  9:03  Stalker  
  87  9:21  Stalker  
  85  9:27  Sentry  
  87  9:31  Sentry x2  
  87  9:36  Pylon  
  91  9:47  Stalker  
  89  9:57  Stalker x6  
  99  10:01  Pylon  
  93  10:21  Stalker  
  93  10:22  Stalker x4  
  103  10:30  Stalker x2  
  105  10:48  Zealot x2, Stalker x3  
  115  11:00  Pylon x2  
  115  11:01  Pylon  
  103  11:12  Stalker  
  100  11:19  Stalker  
Tags
 
Add a new tag
Caveats
  • Supply blocks, unpowered buildings, or Contaminate may cause inaccurate times.
  • Supply counts are checked every 10 seconds.